 Dungeon Crawl Stone Soup version 0.27-a0-1186-g8b4daa1eef (webtiles) character file.

Game seed: 4770510853330441557

4060 bande the Cleaver (level 10, -4/60 HPs)
             Began as a Gargoyle Fighter on May 19, 2021.
             Was an Elder of Okawaru.
             Slain by a two-headed ogre
             ... wielding a +0 giant spiked club
              (21 damage)
             ... on level 7 of the Dungeon.
             The game lasted 00:12:24 (8105 turns).

bande the Cleaver (Gargoyle Fighter)                Turns: 8105, Time: 00:12:24

Health: -4/60      AC: 22    Str: 23    XL:     10   Next: 25%
Magic:  13/13      EV:  7    Int:  8    God:    Okawaru [****..]
Gold:   333        SH: 12    Dex: 10    Spells: 9/9 levels left

rFire    + + .     SeeInvis .   a - +1 war axe (vorpal)
rCold    . . .     Faith    .   c - +1 kite shield
rNeg     + . .     Spirit   .   n - +0 chain mail
rPois    ∞         Reflect  .   (no helmet)
rElec    +         Harm     .   k - scarf {+Inv}
rCorr    .         Rampage  .   t - +2 pair of gloves
Will     .....                  o - +0 pair of boots
Stlth    ..........             (no amulet)
HPRegen  0.20/turn              e - ring of protection from fire
MPRegen  0.13/turn              (no ring)

@: no status effects
A: sickness immunity, AC +7, negative energy resistance 1, electricity
resistance, torment resistance 1, petrification resistance, fire resistance 1
a: Renounce Religion, Evoke Invisibility, Heroism


You were on level 7 of the Dungeon.
You worshipped Okawaru.
Okawaru was greatly pleased with you.
You visited 2 branches of the dungeon, and saw 8 of its levels.

You collected 333 gold pieces.

Inventory:

Hand Weapons
 a - a +1 vorpal war axe (weapon)
 f - a +0 flail
 h - a +0 hand axe of freezing
Missiles
 d - 3 throwing nets (quivered)
Armour
 c - a +1 kite shield (worn)
 k - a scarf of invisibility (worn)
 n - a +0 chain mail (worn)
 o - a +0 pair of boots (worn)
 t - a +2 pair of gloves (worn)
Jewellery
 e - a ring of protection from fire (left hand)
 p - a ring of see invisible
Wands
 m - a wand of flame (19)
 s - a wand of polymorph (4)
Scrolls
 b - 2 scrolls of teleportation
 g - 2 scrolls of blinking
 i - a scroll of magic mapping
 l - 2 scrolls of identify
 r - a scroll of enchant weapon
Potions
 q - 2 potions of curing {unknown}


   Skills:
 + Level 5.7 Fighting
 + Level 8.0 Axes
 + Level 7.3 Armour
 - Level 1.8 Dodging
 + Level 7.2 Shields
 * Level 4.8 Invocations
 * Level 4.0 Evocations


You had 9 spell levels left.
You didn't know any spells.
Your spell library contained the following spells:

 Spells                   Type           Power      Damage    Failure   Level
 Animate Skeleton         Necr           0%         N/A       100%        1
 Apportation              Tloc           0%         N/A       100%        1
 Corona                   Hex            0%         N/A       100%        1
 Freeze                   Ice            0%         1d3       100%        1
 Magic Dart               Conj           0%         1d3       100%        1
 Summon Small Mammal      Summ           0%         N/A       100%        1
 Searing Ray              Conj           0%         3d3       100%        2
 Dazzling Flash           Conj/Hex       0%         N/A       100%        3
 Frozen Ramparts          Ice            0%         1d2       100%        3
 Ozocubu's Armour         Ice            0%         N/A       100%        3
 Fulminant Prism          Conj/Hex       0%         3d6       100%        4
 Hailstorm                Conj/Ice       0%         3d3       100%        4
 Iskenderun's Mystic Bla  Conj/Tloc      0%         2d3       100%        4
 Metabolic Englaciation   Hex/Ice        0%         N/A       100%        5


Dungeon Overview and Level Annotations

Branches:
Dungeon (7/15)             Temple (1/1) D:4

Altars:
Kikubaaqudgha
Nemelex Xobeh
Okawaru
Ru


Innate Abilities, Weirdness & Mutations

You are immune to sickness and miasma.
Your stone body is resilient. (AC +7)
You are immune to poison.
You resist negative energy. (rN+)
You are resistant to electric shocks. (rElec)
You are resistant to unholy torment.
You are immune to petrification.
Your flesh is heat resistant. (rF+)


Message History

You hit the two-headed ogre but do no damage.
The two-headed ogre hits you with a +0 giant spiked club.
The two-headed ogre closely misses you.
You hit the two-headed ogre but do no damage.
The two-headed ogre hits you with a +0 giant spiked club!
The two-headed ogre barely misses you.
You slash the two-headed ogre!
The two-headed ogre is moderately wounded.
You block the two-headed ogre's attack.
The two-headed ogre hits you with a +0 giant spiked club!
You slash the two-headed ogre!
The two-headed ogre is heavily wounded.
The two-headed ogre barely misses you.
The two-headed ogre hits you with a +0 giant spiked club!
You hit the two-headed ogre.
The two-headed ogre is heavily wounded.
You block the two-headed ogre's attack.
The two-headed ogre hits you with a +0 giant spiked club.
You completely miss the two-headed ogre.
The two-headed ogre is heavily wounded.
The two-headed ogre hits you but does no damage.
You block the two-headed ogre's attack.
Your shield prevents you from hitting the two-headed ogre.
The two-headed ogre is heavily wounded.
The two-headed ogre closely misses you.
The two-headed ogre hits you but does no damage.
You hit the two-headed ogre.
The two-headed ogre is severely wounded.
The two-headed ogre hits you but does no damage.
You block the two-headed ogre's attack.
You completely miss the two-headed ogre.
The two-headed ogre is severely wounded.
The two-headed ogre hits you but does no damage.
The two-headed ogre hits you with a +0 giant spiked club!
* * * LOW HITPOINT WARNING * * *
You hit the two-headed ogre.
The two-headed ogre is severely wounded.
You block the two-headed ogre's attack.
The two-headed ogre hits you with a +0 giant spiked club!!
You die...

#.###.#.# #.....+
# #...#.#.#
#.....# ###.#)#.#
#.....# # #.#.#.#
#.....#
###...#'####'####
.......(.# #.####
.........###...[##
.............##..#
..........######@#
..........# #.O#
..........## ....#
...........##....#
.........###.....#
########## #....##
#(... #..## #


You could see a two-headed ogre.

Vanquished Creatures
  Harold (D:7)
  Prince Ribbit (D:7)
  Sigmund (D:5)
  A wraith (D:7)
  Menkaure (D:6)
  2 water moccasins (D:6)
  3 ice beasts
  4 black bears
  2 necrophages (D:4)
  2 ogres
  2 sky beasts
  A centaur (D:7)
  A phantom (D:5)
  A bullfrog (D:6)
  A gnoll sergeant (D:7)
  3 scorpions
  3 wyvern zombies
  A howler monkey (D:5)
  A bullfrog zombie (D:6)
  3 hounds
  A centaur zombie (D:5)
  A centaur skeleton (D:7)
  A jelly (D:6)
  An orc priest (D:5)
  2 bullfrog skeletons
  3 iguanas
  Jessica (D:3)
  2 orc wizards
  5 gnolls (D:7)
  6 adders
  A white imp (D:6)
  2 ufetubi
  An adder skeleton (D:4)
  2 worms
  3 dart slugs (D:2)
  16 orcs
  6 bats
  6 endoplasms
  3 giant cockroaches
  5 goblins
  5 hobgoblins
  2 jackals (D:1)
  3 quokkas
  6 ball pythons
  2 frilled lizards
  8 kobolds
  5 rats
134 creatures vanquished.

Vanquished Creatures (collateral kills)
  A water moccasin skeleton (D:4)
  A ball python (D:4)
2 creatures vanquished.

Grand Total: 136 creatures vanquished

Notes
Turn   | Place    | Note
-------+----------+-------------------------------------------
     0 | D:1      | bande the Gargoyle Fighter began the quest for the Orb.
     0 | D:1      | Reached XP level 1. HP: 14/14 MP: 1/1
   360 | D:1      | Reached XP level 2. HP: 19/19 MP: 2/2
  1153 | D:2      | Reached XP level 3. HP: 23/23 MP: 3/3
  1156 | D:2      | Reached skill level 2 in Axes
  1266 | D:2      | Reached XP level 4. HP: 28/29 MP: 4/4
  2147 | D:3      | Noticed Jessica
  2158 | D:3      | Killed Jessica
  2163 | D:3      | Reached XP level 5. HP: 30/33 MP: 5/5
  2350 | D:3      | Found a faded altar of an unknown god.
  2797 | D:4      | Reached skill level 3 in Axes
  2939 | D:4      | Noticed a necrophage
  2948 | D:4      | Killed a necrophage
  2949 | D:4      | Reached skill level 1 in Dodging
  2949 | D:4      | Reached XP level 6. HP: 25/38 MP: 6/6
  3127 | D:4      | Reached skill level 4 in Axes
  3127 | D:4      | Reached XP level 7. HP: 6/43 MP: 7/7
  3513 | D:4      | Gained mutation: Your flesh is heat resistant. (rF+)
                  | [potion of mutation]
  3532 | D:4      | Reached skill level 5 in Shields
  3796 | D:4      | Reached skill level 5 in Armour
  3849 | D:4      | Found a staircase to the Ecumenical Temple.
  3859 | Temple   | Entered the Ecumenical Temple
  3866 | Temple   | Became a worshipper of Warmaster Okawaru
  3975 | D:4      | Reached skill level 5 in Axes
  4189 | D:5      | Entered Level 5 of the Dungeon
  4261 | D:4      | Reached XP level 8. HP: 41/48 MP: 8/8
  4480 | D:5      | Reached * piety under Okawaru
  4481 | D:5      | Reached skill level 1 in Invocations
  4481 | D:5      | Reached skill level 1 in Evocations
  4498 | D:5      | Found a sparkling altar of Nemelex Xobeh.
  4747 | D:5      | Reached skill level 6 in Axes
  5345 | D:5      | Noticed Sigmund
  5358 | D:5      | Killed Sigmund
  5358 | D:5      | Reached ** piety under Okawaru
  5771 | D:6      | Noticed Menkaure
  5774 | D:6      | Reached XP level 9. HP: 50/53 MP: 10/10
  5880 | D:6      | Reached skill level 5 in Fighting
  5893 | D:6      | Killed Menkaure
  6405 | D:6      | Reached skill level 7 in Axes
  6699 | D:6      | Reached *** piety under Okawaru
  7267 | D:7      | Noticed Harold
  7268 | D:7      | Noticed Prince Ribbit
  7278 | D:7      | HP: 1/54 [Prince Ribbit (8)]
  7288 | D:7      | Killed Harold
  7289 | D:7      | Reached XP level 10. HP: 17/59 MP: 11/13
  7581 | D:7      | Killed Prince Ribbit
  7581 | D:7      | Reached **** piety under Okawaru
  7919 | D:7      | Reached skill level 8 in Axes
  8093 | D:7      | Noticed a two-headed ogre
  8105 | D:7      | Slain by a two-headed ogre

Illustrated notes

Levels and vault maps discovered:
D:1:      minmay_arrival_three_doors, layout_loops_ring
D:2:      minmay_alternating_diamond, layout_loops_cross, minmay_between
D:3:      layout_loops_ring, ebering_ecumenical_altar_box,
          chequers_serial_rivers_small_a, grunt_ministairs_10,
          small_statue_intersection, minivault_11, uniq_jessica
D:4:      layout_rooms, lemuel_temple_firewalk_a
D:5:      layout_gridville, nemelex_diamond_rough_becter, uniq_sigmund
D:6:      layout_loops_ring, hangedman_decor_peaks_small, uniq_menkaure
D:7:      minmay_opposing_rooms, layout_basic, nrook_mini_vaults,
          uniq_prince_ribbit1, uniq_harold
Temple:   minmay_crystal_snake_temple

Skill      XL: |  1  2  3  4  5  6  7  8  9 10 |
---------------+-------------------------------+-----
Axes           | 2 3 4 5 6 7 8 |  8.0
Shields        | 4 5 6 7 |  7.2
Armour         | 4 5 7 |  7.3
Fighting       | 4 5 |  5.7
Dodging        | 1 |  1.8
Invocations    | 2 4 |  4.8
Evocations     | 2 3 4 |  4.0

Action                   |  1- 3 |  4- 6 |  7- 9 | 10-12 || total
-------------------------+-------+-------+-------+-------++-------
Melee: War axe           |    93 |   133 |   255 |    92 ||   573
  Use: Scroll            |     3 |     8 |     1 |       ||    12
       Potion            |     1 |     2 |     6 |       ||     9
Armor: Scale mail        |    64 |    73 |       |       ||   137
       Chain mail        |       |       |   140 |    47 ||   187
Dodge: Dodged            |    28 |    54 |    55 |    23 ||   160
Block: Kite shield       |    51 |    96 |   165 |    52 ||   364

Table legend: (Time is in decaauts)
 A = Elapsed time spent in this place.
 B = Non-inter-level travel time spent in this place.
 C = Inter-level travel time spent in this place.
 D = Time resting spent in this place.
 E = Time spent auto-exploring this place.
 F = Levels seen in this place.
 G = Mean time per level.
                   A        B        C        D        E       F      G
               +--------+--------+--------+--------+--------+-----+--------+
         Total |   8351 |   8351 |      0 |   1775 |   4686 |   8 | 1043.9 |
       Dungeon |   8335 |   8335 |      0 |   1775 |   4686 |   7 | 1190.7 |
        Temple |     16 |     16 |      0 |      0 |      0 |   1 |   16.0 |
               +--------+--------+--------+--------+--------+-----+--------+

Top non-repeatable levels by time:
     D:5: 1731 daAuts
     D:4: 1449 daAuts
     D:6: 1348 daAuts
     D:1: 1114 daAuts
     D:2: 1101 daAuts
     D:7: 901 daAuts
     D:3: 687 daAuts
  Temple: 16 daAuts
